 Dungeon Crawl Stone Soup version 0.31-a0-276-ge00219d475 (webtiles) character file.

Game seed: 5860001091666635307

80193 Querens the Brawler (level 15, -20/171 HPs)
             Began as a Troll Monk on July 15, 2023.
             Was the Champion of Okawaru.
             Demolished by a broodmother (32 damage)
             ... on level 1 of the Spider Nest.
             The game lasted 01:11:10 (12624 turns).

Querens the Brawler (Troll Monk)                   Turns: 12624, Time: 01:11:10

Health: -20/171    AC: 13    Str: 29    XL:     15   Next: 23%
Magic:  0/21       EV: 10    Int:  6    God:    Okawaru [******]
Gold:   1238       SH:  0    Dex: 17    Spells: 14/14 levels left

rFire   . .          .
                       - Unarmed
rCold   . . .        (no shield)
rNeg    . . .        X - +1 robe of Vines {NoPotionHeal Regen++++}
rPois   +            O - +2 hat {SInv}
rElec   .            Y - +1 cloak
rCorr   .            (gloves unavailable)
SInv    +            (boots unavailable)
Will    ++...        V - amulet of guardian spirit
Stlth   +            F - +4 ring of protection
HPRegen 4.48/turn    o - ring "Zeaguvus" {rPois Will+ Dex+5 Stlth-}
MPRegen 0.17/turn

%: guardian spirit
@: no status effects
A: large, unfitting armour, claws 3, regeneration 1, shaggy fur 1, tough skin 1
a: Renounce Religion, Heroism, Finesse, Duel


You were on level 1 of the Spider Nest.
You worshipped Okawaru.
Okawaru was exalted by your worship.
You visited 5 branches of the dungeon, and saw 20 of its levels.
You also visited: Sewer, Ossuary and Bailey.

You collected 3401 gold pieces.
You spent 2163 gold pieces at shops.

Inventory:

Hand Weapons
 N - the +2 Maxwell's thermic engine {flame, freeze, rev}
   (You found it in a bailey)
Missiles
 E - 2 large rocks
 M - 15 curare-tipped darts
Armour
 c - an orb of light
 O - a +2 hat of see invisible (worn)
 T - the +0 robe of Magic {rPois}
   (Okawaru gifted it to you on level 11 of the Dungeon)

   rPois:     It protects you from poison.
 X - the +1 robe of Vines (worn) {NoPotionHeal Regen++++}
   (You found it on level 4 of the Lair of Beasts)

   NoPotionHeal: Its wearer cannot be healed by potions.
   Regen:     It increases your rate of health regeneration.
 Y - a +1 cloak (worn)
Jewellery
 e - the ring of Havvucig {+Blink rN+ Str+2 Int-3 Stlth+}
   (You found it on level 5 of the Lair of Beasts)

   [ring of positive energy]

   Str:       It affects your strength (+2).
   Int:       It affects your intelligence (-3).
   rN:        It protects you from negative energy.
   +Blink:    It lets you blink.
   Stlth:     It makes you more stealthy.
 n - an amulet of the acrobat
 o - the ring "Zeaguvus" (right claw) {rPois Will+ Dex+5 Stlth-}
   (You acquired it on level 6 of the Dungeon)

   [ring of willpower]

   Dex:       It affects your dexterity (+5).
   rPois:     It protects you from poison.
   Will:      It increases your willpower.
   Stlth:     It makes you less stealthy.
 v - a ring of see invisible
 F - a +4 ring of protection (left claw)
 Q - a ring of protection from fire
 R - a ring of flight
 V - an amulet of guardian spirit (around neck)
 Z - the ring of Pakk {Contam rF+++ rC+ MP+9 Dex+3}
   (You found it on level 2 of the Lair of Beasts)

   [ring of protection from cold]

   Dex:       It affects your dexterity (+3).
   rF:        It renders you almost immune to fire.
   rC:        It protects you from cold.
   MP:        It affects your magic capacity (+9).
   Contam:    It causes magical contamination when unequipped.
Talismans
 W - a dragon-blood talisman
Wands
 l - a wand of paralysis (7)
 r - a wand of mindburst (18)
 H - a wand of iceblast (27)
 K - a wand of flame (60)
 S - a wand of digging (3)
 U - a wand of quicksilver (11)
Scrolls
 d - 3 scrolls of silence
 h - 3 scrolls of enchant armour {unknown}
 j - 3 scrolls of blinking
 p - 5 scrolls of poison
 q - 6 scrolls of enchant weapon
 u - 2 scrolls of brand weapon
 w - 2 scrolls of revelation {unknown}
 x - 2 scrolls of fear
 y - 4 scrolls of teleportation
 B - 3 scrolls of immolation
 I - 2 scrolls of fog
 J - a scroll of torment {unknown}
 L - a scroll of identify
Potions
 a - a potion of cancellation {unknown}
 b - 4 potions of ambrosia
 f - 3 potions of mutation
 g - 13 potions of curing
 i - a potion of berserk rage
 k - 4 potions of brilliance
 m - 3 potions of enlightenment
 s - 4 potions of magic
 z - 5 potions of heal wounds
 A - a potion of invisibility
 C - 3 potions of haste
 D - 5 potions of attraction
 G - 4 potions of resistance
 P - 2 potions of lignification


   Skills:
 + Level 16.5 Fighting
 - Level 2.4 Dodging
 + Level 17.1 Unarmed Combat
 - Level 10.0 Invocations
 + Level 7.1 Shapeshifting


You had 14 spell levels left.
You didn't know any spells.
Your spell library contained the following spells:

 Spells                   Type           Power      Damage    Failure   Level
 Apportation              Tloc           0%         N/A       45%         1
 Necrotise                Necr           0%         1d4       45%         1
 Sandblast                Erth           0%         2d4       45%         1
 Blink                    Tloc           0%         N/A       58%         2
 Lesser Beckoning         Tloc           0%         N/A       58%         2
 Momentum Strike          Conj/Tloc      0%         3d8       58%         2
 Passwall                 Tmut/Erth      0%         N/A       58%         2
 Static Discharge         Conj/Air       0%         2-2/arc   58%         2
 Sublimation of Blood     Necr           0%         N/A       58%         2
 Hailstorm                Conj/Ice       0%         3d3       83%         3
 Stone Arrow              Conj/Erth      0%         3d7       83%         3
 Volatile Blastmotes      Fire/Tloc      0%         2d10      83%         3
 Airstrike                Air            0%         2d(0-16)  99%         4
 Fulminant Prism          Conj/Hex       0%         3d5       99%         4
 Iskenderun's Mystic Bla  Conj/Tloc      0%         2d3       99%         4
 Leda's Liquefaction      Hex/Erth       0%         N/A       99%         4
 Petrify                  Tmut/Erth      0%         N/A       99%         4
 Irradiate                Conj/Tmut      0%         3d11      100%        5
 Lee's Rapid Deconstruct  Erth           0%         3d4*      100%        5
 Eringya's Noxious Bog    Tmut/Pois      0%         4d6       100%        6
 Leda's Unmaking          Conj/Erth      0%         9d1       100%        6
 Summon Small Mammal      Summ           Unusable   N/A       N/A         1
 Summon Ice Beast         Ice/Summ       Unusable   N/A       N/A         4
 Summon Lightning Spire   Summ/Air       Unusable   N/A       N/A         4
 Summon Forest            Summ/Tloc      Unusable   N/A       N/A         5
 Simulacrum               Ice/Necr       Unusable   N/A       N/A         6
 Summon Hydra             Summ           Unusable   N/A       N/A         7

Dungeon Overview and Level Annotations

Branches:
Dungeon (11/15)            Temple (1/1) D:5            Lair (5/5) D:11
 Shoals (0/4) Lair:3       Spider (1/4) Lair:3        Slime (0/5) Lair:4
    Orc (2/2) D:11            Elf (0/3) Orc:2         Sewer (visited)
Ossuary (visited)          Bailey (visited)

Altars:
Ashenzari
Cheibriados
Dithmenos
Elyvilon
Fedhas
Gozag
Hepliaklqana
Kikubaaqudgha
Makhleb
Nemelex Xobeh
Okawaru
Qazlal
Ru
Sif Muna
Trog
Uskayaw
Vehumet
Wu Jian
Xom
Yredelemnul
Zin
The Shining One

Shops:
D:2 =   D:5 *   D:9 *   Orc:2 [=*[[

Annotations:
D:9 1 transporter, exclusion: ice statue, mmBingo's ghost, novice DsIE
Lair:3 3 runed translucent doors, Impy's ghost, journeyman AtSh
Lair:5 3 runed translucent doors, TheSeeker391's ghost, journeyman HOFi


Innate Abilities, Weirdness & Mutations

You are too large for most types of armour.
You have claws for hands.
Your natural rate of healing is unusually fast.
You are covered in fur. (AC +1)
You have tough skin. (AC +1)


Message History

You feel very sick. The redback bites you! The tarantella closely misses you.
The jumping spider pounces on you!
* * * LOW HITPOINT WARNING * * *
The jumping spider closely misses you. The broodmother bites you!
* * * LOW HITPOINT WARNING * * *
A spider bursts forth from the wound!
Unknown command.
You claw the broodmother!
The broodmother is severely wounded.
You feel very sick. The redback barely misses you. The tarantella touches you.
* * * LOW HITPOINT WARNING * * *
You are confused.
The jumping spider pounces on you but does no damage.
The jumping spider bites you.
* * * LOW HITPOINT WARNING * * *
Unknown command.
Your system rejects the healing.
You feel better. The jumping spider barely misses you.
The jumping spider bites you.
* * * LOW HITPOINT WARNING * * *
The broodmother summons spiders!
The redback closely misses you.
The tarantella touches you but does no damage.
The jumping spider leaps!
The tarantella touches you.
* * * LOW HITPOINT WARNING * * *
You are confused.
The jumping spider pounces on you.
* * * LOW HITPOINT WARNING * * *
The jumping spider misses you.
Your system rejects the healing.
You feel better.
The orb spider disappears in a puff of smoke!
The redback bites you but does no damage.
The tarantella touches you but does no damage.
The broodmother bites you!
* * * LOW HITPOINT WARNING * * *
A spider bursts forth from the wound!
The tarantella touches you!
* * * LOW HITPOINT WARNING * * *
The jumping spider barely misses you. The jumping spider closely misses you.
The redback barely misses you. The broodmother bites you!!
You die...

##......#
#.^....#........
###....##......#
##....#......##
##..##.......##
####...###..s...##
#.#......#§......#
####........#..sss..#
..#........##..s@s..#
.###.......#...s..#####
##.........##....s..#.##
###.........##...††....#
#............##........#
#......^......##.......#
..##...........##..s...#
...##...........##.....#
....##.........####....#


You could see a broodmother, an orb spider (summoned), 2 jumping spiders, 3
tarantellas and 2 redbacks.

Vanquished Creatures
  A ghost moth (Spider:1)
  A broodmother (Lair:3)
  4 dire elephants (Lair:5)
  A hydra (Lair:4)
  Erolcha (D:9)
  A catoblepas (Lair:5)
  A jorogumo (Spider:1)
  Erica (Lair:2)
  2 boulder beetles
  2 demonic crawlers (Spider:1)
  4 death yaks (Lair:5)
  2 two-headed ogres
  Urug (D:11)
  3 orc high priests (Orc:2)
  Nergalle (Orc:2)
  A spectral anaconda (Lair:5)
  3 spectral death yaks (Lair:5)
  An obsidian statue (Lair:5)
  Pikel (D:4)
  2 lindwurms
  An orc knight (Bailey)
  An oklob plant (Lair:5)
  3 necromancers (Lair:5)
  5 orc sorcerers
  5 wolf spiders
  A dire elephant zombie (Lair:5)
  30 elephants
  A black mamba (Lair:5)
  A gargoyle (D:9)
  9 cane toads
  Psyche (D:8)
  3 torpor snails
  4 rime drakes
  6 komodo dragons
  3 meliai (Lair:4)
  2 trolls
  5 polar bears
  A queen bee (Lair:4)
  5 tarantellas (Spider:1)
  Prince Ribbit (D:7)
  A hornet (D:9)
  19 blink frogs
  A spriggan (Lair:4)
  5 dream sheep
  7 jumping spiders
  2 culicivoras (Spider:1)
  4 wyverns
  2 wraiths
  66 yaks
  6 basilisks
  8 redbacks (Spider:1)
  6 vampire mosquitoes (D:11)
  A steam dragon (Lair:2)
  Menkaure (D:7)
  A spectral cane toad (Lair:5)
  2 acid dragons
  3 wargs
  19 water moccasins
  20 orc warriors
  2 black bears
  4 sky beasts
  3 ice beasts
  4 elephant zombies (Lair:5)
  3 wolves (Lair:4)
  An elephant skeleton (Lair:5)
  3 ogres
  7 centaurs
  8 kobold brigands
  A phantom (D:5)
  2 scorpions
  12 bullfrogs
  2 cane toad simulacra (Lair:5)
  7 water moccasin zombies (Ossuary)
  12 wights
  44 killer bees
  An elephant simulacrum (Lair:5)
  8 howler monkeys
  A lava snake (Lair:2)
  25 orc priests
  6 hounds
  Crazy Yiuf (D:2)
  4 jellies (Lair:4)
  A gnoll bouda (D:7)
  5 iguanas
  A sleepcap (D:5)
  Natasha (thrice) (D:3)
  2 hell rats
  32 orc wizards
  2 mummies (Ossuary)
  5 adders (D:3)
  2 river rats
  9 gnolls
  A white imp (D:7)
  4 adder zombies (Ossuary)
  A worm (D:4)
  2 dart slugs
  62 orcs
  4 bats
  10 endoplasms
  3 giant cockroaches
  9 goblins
  6 hobgoblins
  5 jackals (D:2)
  3 quokkas
  3 ball pythons
  A frilled lizard (D:1)
  4 gnoll zombies (Ossuary)
  3 hobgoblin zombies (Ossuary)
  29 kobolds
  2 kobold zombies (Ossuary)
  9 orc zombies (Ossuary)
  12 rats
692 creatures vanquished.

Vanquished Creatures (others)
  An orc priest (Orc:2)
  An orc (D:7)
2 creatures vanquished.

Grand Total: 694 creatures vanquished

Notes
Turn   | Place    | Note
-------+----------+-------------------------------------------
     0 | D:1      | Querens the Troll Monk began the quest for the Orb.
     0 | D:1      | Reached XP level 1. HP: 22/22 MP: 0/0
   301 | D:1      | Reached XP level 2. HP: 28/29 MP: 1/1
   706 | D:2      | Reached XP level 3. HP: 36/37 MP: 2/2
   715 | D:2      | Reached skill level 4 in Unarmed Combat
   894 | D:2      | Reached XP level 4. HP: 45/45 MP: 3/3
   939 | D:2      | You fall into a shaft and drop 2 floors!
   978 | D:3      | Found a glowing drain.
   993 | D:3      | Reached XP level 5. HP: 47/54 MP: 4/4
  1010 | Sewer    | Entered a sewer
  1331 | D:3      | Reached skill level 5 in Unarmed Combat
  1353 | D:3      | Noticed Natasha
  1356 | D:3      | Killed Natasha
  1391 | D:3      | Found a broken altar of Ashenzari.
  1392 | D:3      | Noticed Natasha
  1393 | D:3      | Found a stormy altar of Qazlal.
  1398 | D:3      | Killed Natasha
  1399 | D:3      | Reached XP level 6. HP: 56/63 MP: 5/5
  1423 | D:3      | Noticed Natasha
  1433 | D:3      | Killed Natasha
  1570 | D:2      | Found Hiucsy's Jewellery Shop.
  1735 | D:2      | Found a runed translucent door.
  1736 | D:2      | Noticed Crazy Yiuf
  1743 | D:2      | Killed Crazy Yiuf
  1794 | D:4      | Noticed an ice beast
  1810 | D:4      | Killed an ice beast
  1874 | D:4      | Noticed Pikel
  1886 | D:4      | Killed Pikel
  1887 | D:4      | Reached skill level 5 in Fighting
  1887 | D:4      | Reached skill level 6 in Unarmed Combat
  1887 | D:4      | Reached XP level 7. HP: 66/74 MP: 6/6
  1895 | D:4      | Found an ornate altar of the Wu Jian Council.
  1917 | D:4      | Found Mucihupn's Armour Shoppe.
  1961 | D:4      | Reached skill level 7 in Unarmed Combat
  2073 | D:5      | Entered Level 5 of the Dungeon
  2119 | D:5      | Found a glowing silver altar of Zin.
  2119 | D:5      | Found a burning altar of Makhleb.
  2120 | D:5      | Found an ancient bone altar of Kikubaaqudgha.
  2149 | D:5      | Found Mircheunk's Assorted Antiques.
  2155 | D:5      | Bought a scroll labelled DUYDEUFRUD for 23 gold pieces
  2155 | D:5      | Bought a sapphire potion for 20 gold pieces
  2155 | D:5      | Bought a blue potion for 20 gold pieces
  2155 | D:5      | Bought a sapphire potion for 20 gold pieces
  2155 | D:5      | Bought a scroll labelled PONKUE VAEVVA for 23 gold pieces
  2155 | D:5      | Bought a scroll labelled JOAXES KOSH for 23 gold pieces
  2155 | D:5      | Bought a green potion for 20 gold pieces
  2171 | D:5      | Reached XP level 8. HP: 82/83 MP: 7/7
  2344 | D:5      | Found a staircase to the Ecumenical Temple.
  2405 | Temple   | Entered the Ecumenical Temple
  2443 | Temple   | Became a worshipper of Warmaster Okawaru
  2443 | Temple   | Reached * piety under Okawaru
  2443 | Temple   | Reached ** piety under Okawaru
  2800 | D:5      | Reached skill level 8 in Unarmed Combat
  3139 | D:6      | Reached XP level 9. HP: 78/93 MP: 8/8
  3193 | D:6      | Reached skill level 9 in Unarmed Combat
  3198 | D:6      | Reached *** piety under Okawaru
  3299 | D:7      | Noticed Prince Ribbit
  3306 | D:7      | Killed Prince Ribbit
  3350 | D:7      | Noticed Menkaure
  3356 | D:7      | Killed Menkaure
  3360 | D:7      | Reached skill level 10 in Unarmed Combat
  3461 | D:6      | Identified 2 scrolls of acquirement
  3462 | D:6      | Acquired the ring "Zeaguvus" {rPois Will+ Dex+5 Stlth-}
  3463 | D:6      | Acquired a manual of Fighting
  3470 | D:6      | Reached XP level 10. HP: 107/107 MP: 9/9
  3563 | D:6      | Reached **** piety under Okawaru
  3563 | D:6      | Received a gift from Okawaru
  3741 | D:7      | Noticed a two-headed ogre
  3749 | D:7      | Killed a two-headed ogre
  3750 | D:7      | Reached skill level 10 in Fighting
  3750 | D:7      | Reached skill level 11 in Unarmed Combat
  4265 | D:8      | Acquired 1039 gold pieces
  4303 | D:8      | Noticed Psyche
  4308 | D:8      | Killed Psyche
  4340 | D:8      | Reached ***** piety under Okawaru
  4365 | D:8      | Reached skill level 12 in Unarmed Combat
  4395 | D:8      | Identified the ring of Moderation {*Corrode Str+8 Int+6}
  4440 | D:8      | Found a snail-covered altar of Cheibriados.
  4447 | D:8      | Found a flagged portal.
  4454 | Bailey   | Entered a bailey
  4510 | Bailey   | Noticed an orc knight
  4516 | Bailey   | Killed an orc knight
  4517 | Bailey   | Reached XP level 11. HP: 111/123 MP: 7/10
  4539 | Bailey   | Found the +2 Maxwell's thermic engine {flame, freeze, rev}
  4540 | Bailey   | Found a burning altar of Makhleb.
  4548 | Bailey   | Identified the +6 scale mail of the Desert {rCorr}
  4601 | D:8      | Found a sand-covered staircase.
  4660 | Ossuary  | Entered an ossuary
  5019 | D:9      | Noticed mmBingo's ghost (novice DsIE)
  5041 | D:9      | Reached skill level 13 in Unarmed Combat
  5050 | D:9      | Found a transporter.
  5061 | D:9      | Noticed a centaur warrior
  5162 | D:9      | Found a transporter.
  5254 | D:9      | Found Esicateo's Assorted Antiques.
  5264 | D:9      | Bought 2 potions of curing for 174 gold pieces
  5424 | D:9      | Noticed Erolcha
  5437 | D:9      | Killed Erolcha
  5437 | D:9      | Received a gift from Okawaru
  5543 | D:9      | Found a blossoming altar of Fedhas.
  5621 | D:10     | Entered Level 10 of the Dungeon
  5760 | D:10     | Noticed a two-headed ogre
  5766 | D:10     | Killed a two-headed ogre
  5767 | D:10     | Reached skill level 1 in Invocations
  6072 | D:11     | Reached ****** piety under Okawaru
  6306 | D:11     | Noticed Urug
  6321 | D:11     | Killed Urug
  6321 | D:11     | Identified the +0 robe of Magic {rPois} (Okawaru gifted it
                  | to you on level 11 of the Dungeon)
  6321 | D:11     | Received a gift from Okawaru
  6341 | D:11     | Found a staircase to the Lair.
  6449 | D:11     | Found a staircase to the Orcish Mines.
  6612 | Orc:1    | Entered Level 1 of the Orcish Mines
  6613 | Orc:1    | You fall into a shaft and drop 1 floor!
  6613 | Orc:2    | Entered Level 2 of the Orcish Mines
  6623 | Orc:2    | Reached XP level 12. HP: 131/139 MP: 13/13
  6731 | Orc:1    | Reached skill level 14 in Unarmed Combat
  6998 | Orc:1    | Noticed Nergalle
  7007 | Orc:2    | Killed Nergalle
  7222 | Orc:2    | Found Xaughiri's Armour Emporium.
  7250 | Orc:2    | Noticed an orc high priest
  7272 | Orc:2    | Killed an orc high priest
  7394 | Orc:2    | Noticed an orc high priest
  7520 | Orc:2    | Reached skill level 5 in Invocations
  7617 | Orc:2    | Found Cottisai's Armour Shoppe.
  7617 | Orc:2    | Found Yplutzu's Antique Armour Emporium.
  7617 | Orc:2    | Found Wopsym's Jewellery Shoppe.
  7620 | Orc:2    | Found Xashradea's Assorted Antiques.
  7631 | Orc:2    | Bought a scroll of identify for 40 gold pieces
  7631 | Orc:2    | Bought a potion of enlightenment for 100 gold pieces
  7631 | Orc:2    | Bought a scroll of teleportation for 60 gold pieces
  7677 | Orc:2    | Found a staircase to the Elven Halls.
  7680 | Orc:2    | Found a runed translucent door.
  7748 | Orc:2    | Noticed an orc high priest
  7768 | Orc:2    | Killed an orc high priest
  7859 | Orc:2    | Killed an orc high priest
  7863 | Orc:2    | Bought a dragon-blood talisman for 1600 gold pieces
  7863 | Orc:2    | Bought a dagger for 40 gold pieces
  7964 | Lair:1   | Entered Level 1 of the Lair of Beasts
  8026 | Lair:1   | Reached skill level 15 in Fighting
  8145 | Lair:1   | Reached skill level 15 in Unarmed Combat
  8369 | Lair:1   | Reached XP level 13. HP: 141/149 MP: 13/16
  8565 | Lair:2   | Noticed Erica
  8584 | Lair:2   | Killed Erica
  8585 | Lair:2   | Reached skill level 1 in Shapeshifting
  8702 | Lair:2   | Received a gift from Okawaru
  8964 | Lair:2   | Found a runed translucent door.
  9004 | Lair:2   | Identified the +2 whip "Osumpy" {flame, Int+5}
  9016 | Lair:2   | Found a runed translucent gate.
  9016 | Lair:2   | Found a runed translucent gate.
  9016 | Lair:2   | Found a runed translucent gate.
  9016 | Lair:2   | Found a runed translucent gate.
  9016 | Lair:2   | Found a runed translucent gate.
  9016 | Lair:2   | Found a runed translucent gate.
  9180 | Lair:2   | Identified the ring of Pakk {Contam rF+++ rC+ MP+9 Dex+3}
  9278 | Lair:3   | Found a hole to the Spider Nest.
  9426 | Lair:3   | Noticed Impy's ghost (journeyman AtSh)
  9431 | Lair:3   | Found a runed translucent gate.
  9432 | Lair:3   | Found a runed translucent gate.
  9484 | Lair:3   | Found a staircase to the Shoals.
  9564 | Lair:3   | Found a runed translucent gate.
 10078 | Lair:4   | Found a staircase to the Slime Pits.
 10251 | Lair:4   | Received a gift from Okawaru
 10463 | Lair:4   | Identified the +8 arbalest "Puguiluu" {penet, Will+}
 10531 | Lair:4   | Found the +1 robe of Vines {NoPotionHeal Regen++++}
 10616 | Lair:4   | Reached XP level 14. HP: 155/161 MP: 17/19
 10634 | Lair:4   | Reached skill level 16 in Unarmed Combat
 10735 | Lair:5   | Entered Level 5 of the Lair of Beasts
 10827 | Lair:5   | Received a gift from Okawaru
 10955 | Lair:5   | Reached skill level 5 in Shapeshifting
 10958 | Lair:5   | Found a runed translucent gate.
 10958 | Lair:5   | Found a runed translucent gate.
 10959 | Lair:5   | Found a runed translucent gate.
 10963 | Lair:5   | Noticed TheSeeker391's ghost (journeyman HOFi)
 10981 | Lair:5   | Identified the +0 hat of Distant Worlds {Int+3} (Okawaru
                  | gifted it to you on level 5 of the Lair of Beasts)
 10981 | Lair:5   | Received a gift from Okawaru
 11662 | Lair:5   | Identified the ring of Havvucig {+Blink rN+ Str+2 Int-3
                  | Stlth+}
 11814 | Lair:5   | Identified the +10 executioner's axe "Hulk" {heavy, Will+}
                  | (Okawaru gifted it to you on level 5 of the Lair of Beasts)
 11814 | Lair:5   | Received a gift from Okawaru
 11854 | Lair:5   | Identified the +3 scimitar of Upheaval {freeze, rCorr
                  | Int+2}
 12130 | Spider:1 | Entered Level 1 of the Spider Nest
 12150 | Spider:1 | Reached XP level 15. HP: 90/158 MP: 7/21
 12441 | Spider:1 | Reached skill level 17 in Unarmed Combat
 12441 | Spider:1 | Reached skill level 10 in Invocations
 12624 | Spider:1 | Demolished by a broodmother

Illustrated notes

Levels and vault maps discovered:
D:1:      co_arrival_square_in_a_square_in_a_square, layout_loops_corners,
          grunt_decor_junction, minmay_tiny_reverse_x
D:2:      layout_loops_ring, serial_shops, nicolae_shop_waterfront,
          corexii_leaking_fountain, uniq_crazy_yiuf_cottage
D:3:      layout_rooms, gammafunk_temple_overflow_statue,
          shapermc_ecumenical_altar_mp_urbaneastern, gup_sewer_entry_glass,
          uniq_natasha
D:4:      layout_rooms, lemuel_tele_altar, serial_shops, shop, uniq_pikel
D:5:      layout_basic, gammafunk_temple_overflow_claw, temple_pool_b,
          serial_shops, nicolae_shop_real_fake_doors
D:6:      layout_cave_pools
D:7:      layout_cave_pods, minmay_liquid_box, grunt_decor_arrowhead,
          uniq_menkaure, uniq_prince_ribbit1
D:8:      layout_rooms, general_overflow_altar,
          nicolae_ossuary_entry_false_entrances, enter_bailey_3, uniq_psyche
D:9:      layout_roguey, tgw_fedhas, serial_shops, shop, nzn_ghost_randoct,
          minivault_5, hive_lemuel, uniq_erolcha
D:10:     layout_long_grid
D:11:     layout_small_grid, lair_entry_dummy, orc_0_dummy, uniq_urug
Temple:   minmay_temple_curvy_branch
Lair:1:   layout_concentric_octagons, lemuel_fruit_tree
Lair:2:   gammafunk_indiana_jones, layout_chaotic_city, serial_bayou_shore_a,
          uniq_erica
Lair:3:   layout_small_grid, minmay_shoals_entry_centaurs,
          spider_nest_entry_web_field, gammafunk_ghost_split
Lair:4:   regret_index_wax_grids, layout_cave_shapes,
          nicolae_slime_entry_field_trip, grunt_forest_stairs_clearing
Lair:5:   due_jungle_book, layout_regular_city, gammafunk_ghost_necromancy,
          minmay_lair_oklob_bushes, st_stairs_6
Spider:1: layout_spider_delve
Orc:1:    layout_caves, uniq_nergalle
Orc:2:    st_orc_mages, layout_caves, serial_shops, shop,
          lightli_church_of_beogh

Skill      XL: |  1  2  3  4  5  6  7  8  9 10 11 12 13 14 15 |
---------------+----------------------------------------------+-----
Fighting       | 3 4 5 6 7 9 11 14 15 16 | 16.5
Unarmed Combat | 4 5 6 7 8 10 12 13 15 16 17 | 17.1
Invocations    | 3 6 8 9 10 | 10.0
Shapeshifting  | 4 6 7 |  7.1
Dodging        | |  2.4

Action                     |  1- 3 |  4- 6 |  7- 9 | 10-12 | 13-15 || total
---------------------------+-------+-------+-------+-------+-------++-------
  Melee: Unarmed           |    61 |   123 |   166 |   791 |   856 ||  1997
         Punch             |     1 |     2 |     4 |    50 |   119 ||   176
         Double sword      |       |       |       |       |     7 ||     7
 Invoke: Heroism           |       |       |     2 |     9 |     4 ||    15
  Evoke: Wand              |       |       |       |     5 |     1 ||     6
    Use: Scroll            |       |       |    11 |    13 |     9 ||    33
         Potion            |       |       |       |       |     3 ||     3
   Stab: Sleeping          |     1 |     1 |     1 |       |       ||     3
         Petrified         |       |       |       |       |     3 ||     3
 Armour: Robe              |    29 |    18 |    21 |   289 |   453 ||   810
  Dodge: Dodged            |    32 |    54 |    76 |   460 |   482 ||  1104

Table legend: (Time is in decaauts)
 A = Elapsed time spent in this place.
 B = Non-inter-level travel time spent in this place.
 C = Inter-level travel time spent in this place.
 D = Time resting spent in this place.
 E = Time spent auto-exploring this place.
 F = Levels seen in this place.
 G = Mean time per level.
                   A        B        C        D        E       F      G
               +--------+--------+--------+--------+--------+-----+--------+
         Total |  12155 |  11095 |   1060 |      0 |      0 |  23 |  528.5 |
       Dungeon |   6003 |   5519 |    484 |      0 |      0 |  11 |  545.7 |
        Temple |    192 |    192 |      0 |      0 |      0 |   1 |  192.0 |
          Lair |   3965 |   3570 |    395 |      0 |      0 |   5 |  793.0 |
   Spider Nest |    426 |    373 |     53 |      0 |      0 |   1 |  426.0 |
  Orcish Mines |   1242 |   1116 |    126 |      0 |      0 |   2 |  621.0 |
         Sewer |     68 |     68 |      0 |      0 |      0 |   1 |   68.0 |
       Ossuary |    145 |    145 |      0 |      0 |      0 |   1 |  145.0 |
        Bailey |    110 |    110 |      0 |      0 |      0 |   1 |  110.0 |
               +--------+--------+--------+--------+--------+-----+--------+

Top non-repeatable levels by time:
  Lair:5: 1183 daAuts
  Lair:4: 917 daAuts
   Orc:2: 792 daAuts
     D:5: 723 daAuts
     D:7: 695 daAuts
     D:9: 664 daAuts
  Lair:3: 660 daAuts
     D:1: 653 daAuts
  Lair:2: 632 daAuts
     D:2: 602 daAuts
    D:11: 598 daAuts
  Lair:1: 571 daAuts
     D:6: 469 daAuts
   Orc:1: 450 daAuts
     D:8: 438 daAuts
